 Dungeon Crawl Stone Soup version 0.29-a0-464-g50448035db (webtiles) character file.

Game seed: 1646988919268389446

8628 Bruhh the Protected (level 11, -6/85 HPs)
             Began as a Djinni Fire Elementalist on May 21, 2022.
             Was a Believer of Makhleb.
             Mangled by a five-headed hydra (12 damage)
             ... on level 9 of the Dungeon.
             The game lasted 00:19:06 (14466 turns).

Bruhh the Protected (Djinni Fire Elementalist)     Turns: 14466, Time: 00:19:07

Health: -6/85      AC:  7    Str: 15    XL:     11   Next: 59%
Gold:   660        EV: 11    Int: 23    God:    Makhleb [**....] SH:  5 Dex: 15

rFire   + + +      SeeInvis .   l - +3 long sword of Uhega {vorpal, Str+2 Int+3}
rCold   x . .      Faith    .   J - +0 buckler
rNeg    . . .      Spirit   .   N - +0 troll leather armour
rPois   ∞          Reflect  .   o - +0 helmet
rElec   .          Harm     .   (no cloak)
rCorr   .          Rampage  .   (no gloves)
Will    +....                   (boots unavailable)
Stlth   ++........              F - amulet of regeneration
HPRegen 1.84/turn               n - ring of protection from fire
MPRegen 0.00/turn               M - +6 ring of strength

@: flying
A: sickness immunity, fire resistance 2, cold vulnerability 1, float, innate
caster, HP casting, extra vitality 1
a: Renounce Religion, Minor Destruction


You were on level 9 of the Dungeon.
You worshipped Makhleb.
Makhleb was pleased with you.
You visited 2 branches of the dungeon, and saw 10 of its levels.

You collected 660 gold pieces.

Inventory:

Hand Weapons
 k - a +2 dagger of venom
 l - the +3 long sword of Uhega (weapon) {vorpal, Str+2 Int+3}
   (You took it off a goblin on level 2 of the Dungeon)

   It inflicts extra damage upon your enemies.
   Str:       It affects your strength (+2).
   Int:       It affects your intelligence (+3).
Missiles
 f - 2 throwing nets
 g - 23 poisoned darts
Armour
 a - a +0 robe
 o - a +0 helmet (worn)
 v - a +3 leather armour
 J - a +0 buckler (worn)
 N - a +0 troll leather armour (worn)
Jewellery
 n - a ring of protection from fire (left hand)
 p - a ring of protection from fire
 q - the amulet "Agufiv" {Acrobat rPois rF+ Int-3}
   (You found it on level 3 of the Dungeon)

   [amulet of the acrobat]

   It increases your evasion while moving and waiting.
   Int:       It affects your intelligence (-3).
   rF:        It protects you from fire.
   rPois:     It protects you from poison.
 w - a ring of see invisible
 F - an amulet of regeneration (around neck)
 M - a +6 ring of strength (right hand)
Wands
 i - a wand of iceblast (16)
 t - a wand of mindburst (26)
 E - a wand of charming (12)
 H - a wand of polymorph (2)
 L - a wand of acid (9)
Scrolls
 b - 8 scrolls of identify {unknown}
 c - 6 scrolls of teleportation {unknown}
 d - 2 scrolls of fog {unknown}
 e - 4 scrolls of vulnerability {unknown}
 h - 3 scrolls of poison {unknown}
 j - a scroll of torment {unknown}
 m - a scroll of summoning {unknown}
 r - a scroll of immolation {unknown}
 u - 4 scrolls of blinking {unknown}
 y - 3 scrolls of acquirement {unknown}
 A - 3 scrolls of enchant armour {unknown}
 I - a scroll of fear {unknown}
 K - a scroll of amnesia {unknown}
Potions
 s - 2 potions of brilliance {unknown}
 z - 2 potions of attraction {unknown}
 B - a potion of haste {unknown}
 C - a potion of lignification {unknown}
 D - a potion of berserk rage {unknown}
 G - a potion of invisibility {unknown}
 O - a potion of cancellation {unknown}
 P - a potion of resistance {unknown}
 Q - a potion of ambrosia


   Skills:
 - Level 10.0 Fighting
 + Level 10.3 Armour
 - Level 2.1 Dodging
 - Level 1.5 Stealth
 - Level 4.0 Shields
 - Level 7.0 Spellcasting
 + Level 2.2 Invocations


You couldn't memorise any spells.
You knew the following spells:

 Your Spells              Type           Power      Damage    Failure   Level
a - Foxfire               Conj/Fire      100%       2x1d9     1%          1
b - Scorch                Fire           80%        2d9       1%          2
c - Conjure Flame         Conj/Fire      40%        6-21      1%          3
d - Inner Flame           Hex/Fire       40%        N/A       1%          3
e - Flame Wave            Conj/Fire      40%        2d9       7%          4
f - Slow                  Hex            100%       N/A       1%          1
g - Passwall              Tmut/Erth      33%        N/A       1%          2
h - Teleport Other        Tloc           40%        N/A       1%          3
i - Portal Projectile     Hex/Tloc       80%        N/A       1%          3
j - Cause Fear            Hex            20%        N/A       7%          4
Your spell library was empty.

Dungeon Overview and Level Annotations

Branches:
Dungeon (9/15)             Temple (1/1) D:5             Orc (0/2) D:9
   Lair: D:8-11

Altars:
Ashenzari
Cheibriados
Dithmenos
Elyvilon
Fedhas
Gozag
Hepliaklqana
Kikubaaqudgha
Makhleb
Nemelex Xobeh
Okawaru
Qazlal
Ru
Sif Muna
Trog
Uskayaw
Vehumet
Wu Jian
Xom
Yredelemnul
Zin
The Shining One

Shops:
D:6 [   D:7 (

Annotations:
D:9 4 runed translucent doors


Innate Abilities, Weirdness & Mutations

You are immune to sickness and miasma.
You are immune to poison.
Your flesh is very heat resistant. (rF++)
You are vulnerable to cold. (rC-)
You float through the air rather than walking.
You learn spells naturally, not from books.
Your magical power is your life essence.
You have superior vitality. (+4 MHP)


Message History

Casting: Inner Flame (safe; 1% risk of failure)
Confirm with . or Enter, or press ? or * to list all spells.
Casting: Flame Wave (dangerous; 7% risk of failure)
Press: ? - help, Dir - look around, f - activate
Okay, then.
Casting: Flame Wave (dangerous; 7% risk of failure)
Confirm with . or Enter, or press ? or * to list all spells.
Aiming: Slow (safe; 1% risk of failure)
Press: ? - help, Shift-Dir - straight line, f/p - five-headed hydra
Aim: a five-headed hydra (lightly wounded, inner flame, more vulnerable to fire, chance to affect: 29%)
Okay, then.
Casting: Slow (safe; 1% risk of failure)
Confirm with . or Enter, or press ? or * to list all spells.
Casting: Cause Fear (dangerous; 7% risk of failure)
Press: ? - help, Dir - look around, f - activate Look: a five-headed hydra (lightly wounded, inner flame, more vulnerable to fire, chance to affect: 41%)
The yak resists with some effort.
The five-headed hydra resists with almost no effort.
The five-headed hydra is no longer more vulnerable to fire.
The five-headed hydra bites you.
The five-headed hydra bites you but does no damage.
The five-headed hydra bites you!
The five-headed hydra bites you but does no damage.
The five-headed hydra bites you!
* * * LOW HITPOINT WARNING * * *
The yak closely misses you.
Okay, then.
You feel much better.
The yak is no longer more vulnerable to fire.
The five-headed hydra bites you! x2
* * * LOW HITPOINT WARNING * * *
You block the five-headed hydra's attack.
The five-headed hydra bites you!
* * * LOW HITPOINT WARNING * * *
The five-headed hydra barely misses you.
The yak closely misses you.
The five-headed hydra attacks as you move away!
The five-headed hydra bites you but does no damage.
The five-headed hydra bites you!
You die...

#...#.#..#######8oo8##.. ###
####.###.##...)# #8HoC.8#.. ..#
#.........###### #:o.C.$#..
..#####.........## ## #?o...|#..
..'............##( .[# #8.Ho.8#..
.<#####........#.##.#####8oo8##..
..# #........#.#$##)'.##++##...
### #........#DY.#.##..........
#........#@####.#:.........
########.##....##).########
#..######...# ##..........#
##........## ##########


You could see a five-headed hydra (inner flame) and a yak.

Vanquished Creatures
  Erolcha (D:9)
  A centaur warrior (D:9)
  2 two-headed ogres (D:9)
  Pikel (D:4)
  2 trolls (D:9)
  A hornet (D:8)
  A shadow (D:9)
  6 yaks
  2 steam dragons
  2 water moccasins
  Duvessa (D:7)
  A black bear (D:7)
  A sky beast (D:7)
  4 ice beasts
  4 orc warriors
  3 ogres
  A phantom (D:6)
  2 kobold brigands
  A gnoll sergeant (D:8)
  3 bullfrogs
  2 necrophages
  5 scorpions
  4 wights (D:7)
  Dowan (D:7)
  A killer bee (D:9)
  2 howler monkeys
  2 electric eels (D:9)
  5 hounds
  5 orc priests
  5 gnoll shamans
  2 iguanas (D:6)
  3 orc wizards
  22 gnolls
  10 adders
  A shadow imp (D:3)
  A white imp (D:6)
  2 ufetubi (D:5)
  3 worms
  4 dart slugs
  33 orcs
  5 bats
  7 endoplasms
  4 giant cockroaches
  9 goblins
  10 hobgoblins
  9 jackals
  7 quokkas
  9 ball pythons
  4 frilled lizards
  20 kobolds
  8 rats
245 creatures vanquished.

Vanquished Creatures (others)
  62 foxfires
  2 plants (D:2)
64 creatures vanquished.

Grand Total: 309 creatures vanquished

Notes
Turn   | Place    | Note
-------+----------+-------------------------------------------
     0 | D:1      | Bruhh the Djinni Fire Elementalist began the quest for the
                  | Orb.
     0 | D:1      | Reached XP level 1. HP: 15/15 MP: 0/0
   615 | D:1      | Reached XP level 2. HP: 16/21 MP: 0/0
   958 | D:1      | Reached XP level 3. HP: 23/25 MP: 0/0
   958 | D:1      | Learned a level 1 spell: Slow
  2551 | D:2      | Reached XP level 4. HP: 23/31 MP: 0/0
  2997 | D:2      | Reached XP level 5. HP: 12/35 MP: 0/0
  2997 | D:2      | Learned a level 2 spell: Passwall
  3513 | D:2      | Found a faded altar of an unknown god.
  3810 | D:2      | Found a basalt altar of Yredelemnul.
  4361 | D:2      | Identified the +3 long sword of Uhega {vorpal, Str+2 Int+3}
  4835 | D:3      | Found a snail-covered altar of Cheibriados.
  4848 | D:3      | Found a shadowy altar of Dithmenos.
  5273 | D:3      | Identified the amulet "Agufiv" {Acrobat rPois rF+ Int-3}
  5387 | D:3      | Reached XP level 6. HP: 38/40 MP: 0/0
  5530 | D:3      | Reached skill level 5 in Spellcasting
  6409 | D:4      | Found a white marble altar of Elyvilon.
  6436 | D:4      | Noticed Pikel
  6451 | D:4      | Killed Pikel
  6452 | D:4      | Reached XP level 7. HP: 26/46 MP: 0/0
  6452 | D:4      | Learned a level 3 spell: Teleport Other
  6452 | D:4      | Reached XP level 8. HP: 29/51 MP: 0/0
  7123 | D:4      | Reached skill level 1 in Fighting
  7232 | D:5      | Entered Level 5 of the Dungeon
  8409 | D:5      | Found a staircase to the Ecumenical Temple.
  8538 | Temple   | Entered the Ecumenical Temple
  8590 | Temple   | Became a worshipper of Makhleb the Destroyer
  8652 | D:6      | Found a hazy altar of Hepliaklqana.
  8657 | D:6      | Reached skill level 5 in Fighting
  8699 | D:6      | You are sucked into a shaft and drop 1 floor!
  8719 | D:7      | Noticed Dowan
  8720 | D:7      | Noticed Duvessa
  8730 | D:7      | Killed Duvessa
  8733 | D:7      | Killed Dowan
  8734 | D:7      | Reached XP level 9. HP: 34/66 MP: 0/0
  8734 | D:7      | Learned a level 3 spell: Portal Projectile
  9306 | D:7      | Found a glowing silver altar of Zin.
  9814 | D:6      | Reached * piety under Makhleb
  9935 | D:6      | Found Mim Eneps's Armour Emporium.
 11064 | D:7      | Reached skill level 10 in Fighting
 11064 | D:7      | Reached XP level 10. HP: 74/80 MP: 0/0
 11200 | D:7      | Reached skill level 1 in Armour
 11371 | D:7      | Found Zeekik's Weapon Shoppe.
 11844 | D:8      | Reached skill level 5 in Armour
 13717 | D:9      | Noticed a cyclops
 13719 | D:9      | Found a large runed translucent door.
 13719 | D:9      | Noticed a manticore
 13720 | D:9      | Found a large runed translucent door.
 13725 | D:9      | Found a large runed translucent door.
 13725 | D:9      | Found a large runed translucent door.
 13777 | D:9      | Noticed a centaur warrior
 13782 | D:9      | Killed a centaur warrior
 13783 | D:9      | Reached XP level 11. HP: 59/85 MP: 0/0
 13783 | D:9      | Learned a level 4 spell: Cause Fear
 13786 | D:9      | Noticed Erolcha
 13794 | D:9      | Killed Erolcha
 13856 | D:9      | Reached ** piety under Makhleb
 14009 | D:9      | Noticed a two-headed ogre
 14015 | D:9      | Killed a two-headed ogre
 14139 | D:9      | Reached skill level 10 in Armour
 14294 | D:9      | Found a staircase to the Orcish Mines.
 14407 | D:9      | Reached skill level 1 in Invocations
 14410 | D:9      | Noticed a two-headed ogre
 14418 | D:9      | Killed a two-headed ogre
 14459 | D:9      | Noticed a five-headed hydra
 14466 | D:9      | Mangled by a five-headed hydra

Illustrated notes

Levels and vault maps discovered:
D:1:      shiori_arrival_elements, layout_basic,
          hangedman_decor_clover_reticule, minmay_pentomino_q4
D:2:      cheibrodos_helix_gallery, layout_loops_ring,
          shapermc_ecumenical_altar_ellora, kennysheep_flooded_box
D:3:      layout_rooms, mainiacjoe_overflow_boulevard,
          nicolae_dithmenos_the_darkroom, grunt_ministairs_3,
          kennysheep_another_room
D:4:      nicolae_cairo_tiling_very_big, layout_loops_ring, elyvilon_altar_5,
          minmay_unequal, uniq_pikel
D:5:      layout_loops_ring, minmay_temple_entry_ruins
D:6:      layout_cave_pods, lemuel_tele_altar, serial_shops, nicolae_shop_trees
D:7:      layout_basic, mainiacjoe_overflow_alcove_2, nicolae_take_the_stairs,
          uniq_duvessa
D:8:      layout_basic, minmay_misc_feat_ornament, minmay_fractal_squares_5
D:9:      layout_roguey, erik_orc_2, minmay_hollow_rounded_squares, uniq_erolcha
Temple:   minmay_temple_bridge_d

Skill      XL: |  1  2  3  4  5  6  7  8  9 10 11 |
---------------+----------------------------------+-----
Spellcasting   | 3 4 7 |  7.0
Fighting       | 5 10 | 10.0
Armour         | 7 10 | 10.3
Shields        | 4 |  4.0
Invocations    | 2 |  2.2
Dodging        | |  2.1
Stealth        | |  1.5

Action                   |  1- 3 |  4- 6 |  7- 9 | 10-12 || total
-------------------------+-------+-------+-------+-------++-------
Melee: Unarmed           |     9 |     1 |       |       ||    10
       Dagger            |       |     4 |       |       ||     4
       Long sword        |       |     3 |     3 |     6 ||    12
 Cast: Foxfire           |    20 |     5 |     4 |    10 ||    39
       Scorch            |    40 |    79 |   100 |   107 ||   326
       Inner Flame       |       |     3 |    17 |    28 ||    48
       Conjure Flame     |       |     1 |     1 |     1 ||     3
       Slow              |       |     1 |       |       ||     1
       Flame Wave        |       |       |     3 |     3 ||     6
       Cause Fear        |       |       |       |     1 ||     1
  Use: Potion            |     1 |     1 |     1 |     3 ||     6
Armor: Robe              |     7 |     4 |       |       ||    11
       Leather armour    |       |       |    17 |     6 ||    23
       Troll leather arm |       |       |       |    15 ||    15
Dodge: Dodged            |    21 |    17 |    28 |    47 ||   113
Block: Buckler           |       |       |       |     8 ||     8

Table legend: (Time is in decaauts)
 A = Elapsed time spent in this place.
 B = Non-inter-level travel time spent in this place.
 C = Inter-level travel time spent in this place.
 D = Time resting spent in this place.
 E = Time spent auto-exploring this place.
 F = Levels seen in this place.
 G = Mean time per level.
                   A        B        C        D        E       F      G
               +--------+--------+--------+--------+--------+-----+--------+
         Total |  14468 |  14194 |    274 |   2314 |  10499 |  10 | 1446.8 |
       Dungeon |  14394 |  14140 |    254 |   2314 |  10460 |   9 | 1599.3 |
        Temple |     73 |     53 |     20 |      0 |     39 |   1 |   73.0 |
               +--------+--------+--------+--------+--------+-----+--------+

Top non-repeatable levels by time:
     D:1: 2421 daAuts
     D:2: 1984 daAuts
     D:4: 1794 daAuts
     D:7: 1647 daAuts
     D:8: 1598 daAuts
     D:3: 1515 daAuts
     D:6: 1513 daAuts
     D:9: 1073 daAuts
     D:5: 847 daAuts
  Temple: 73 daAuts
